 Dungeon Crawl Stone Soup version 0.21-a0-444-g29a2fec (webtiles) character file.

11895 theanonym the Archer (level 11, -5/105 HPs)
             Began as a Centaur Hunter on Nov 17, 2017.
             Was a High Priest of Cheibriados.
             Shot with an arrow by a centaur (12 damage)
             ... on level 11 of the Dungeon.
             The game lasted 00:24:51 (10452 turns).

theanonym the Archer (Centaur Hunter)              Turns: 10452, Time: 00:24:52

Health: -5/105     AC:  6    Str: 33    XL:     11   Next: 55%
Magic:  20/20      EV: 15    Int: 27    God:    Cheibriados [*****.]
Gold:   655        SH:  4    Dex: 22    Spells: 10/10 levels left

rFire    . . .     SeeInvis .   a - +1 shortbow
rCold    . . .     Gourm    .   (shield currently unavailable)
rNeg     . . .     Faith    .   c - +0 leather armour
rPois    .         Spirit   .   z - +0 helmet
rElec    .         Reflect  +   (no cloak)
rCorr    .         Harm     .   j - +0 pair of gloves
MR       .....                  (no barding)
Stlth    +.........             F - +4 amulet of reflection
HPRegen  0.27/turn              B - +3 ring of intelligence
MPRegen  0.17/turn              U - ring of magical power {MP+9}

@: mighty, lethally poisoned (-5 -> -12), slowed, very slow
A: hooves 3, deformed body, speed 2, tough skin 3
a: Bend Time, Temporal Distortion, Slouch, Step From Time, Renounce Religion


Innate Abilities, Weirdness & Mutations

You have hooves in place of feet.
Armour fits poorly on your strangely shaped body.
You cover ground very quickly.
You have extremely tough skin. (AC +3)


   Skills:
 + Level 12.4 Fighting
 - Level 14.0 Bows
 + Level 6.9 Dodging
 - Level 0.4 Stealth
 - Level 1.3 Unarmed Combat


You had 10 spell levels left.
You didn't know any spells.

Skill      XL: |  1  2  3  4  5  6  7  8  9 10 11 |
---------------+----------------------------------+-----
Fighting       | 3 4 5 7 9 11 12 | 12.4
Unarmed Combat | 1 |  1.3
Bows           | 6 7 8 9 12 14 | 14.0
Dodging        | 2 5 6 |  6.9
Stealth        | |  0.4

Action                   |  1- 3 |  4- 6 |  7- 9 | 10-12 || total
-------------------------+-------+-------+-------+-------++-------
Melee: Short sword       |    97 |   200 |   148 |   108 ||   553
       Kick              |    15 |    48 |    48 |    55 ||   166
       Punch             |     1 |       |     1 |     2 ||     4
 Fire: Shortbow          |     7 |    30 |   348 |   326 ||   711
  Use: Scroll            |     3 |     4 |     5 |     2 ||    14
       Potion            |       |       |     3 |     1 ||     4
 Stab: Sleeping          |       |       |       |     1 ||     1
  Eat: Chunk             |     1 |     7 |     8 |     7 ||    23
       Meat ration       |       |       |     1 |       ||     1
Armor: Leather armour    |    31 |    96 |   112 |    54 ||   293
       Skin              |       |       |     5 |       ||     5
Dodge: Dodged            |    42 |   109 |   156 |   186 ||   493

Inventory:

Hand Weapons
 a - a +1 shortbow (weapon)
 b - a +0 short sword
Missiles
 d - 199 arrows (quivered)
 Q - 5 curare-tipped needles
Armour
 c - a +0 leather armour (worn)
 j - a +0 pair of gloves (worn)
   (You found it on level 1 of the Dungeon)
 y - the +6 large shield of the Tundras {rCorr}
   (You found it on level 5 of the Dungeon)

   It protects you from acid and corrosion.
 z - a +0 helmet (worn)
   (You found it on level 5 of the Dungeon)
Magical Staves
 C - an uncursed staff of energy {unknown}
   (You found it on level 5 of the Dungeon)
 W - an uncursed staff of conjuration {unknown}
   (You found it on level 11 of the Dungeon)
Jewellery
 w - an uncursed amulet of regeneration {+regen}
   (You found it on level 3 of the Dungeon)
 B - a +3 ring of intelligence (left hand)
   (You found it on level 5 of the Dungeon)
 F - a +4 amulet of reflection (around neck)
   (You took it off an orc wizard on level 5 of the Dungeon)
 U - a ring of magical power (right hand) {MP+9}
   (You found it on level 10 of the Dungeon)
Wands
 i - a wand of enslavement (5/24)
   (You found it on level 8 of the Dungeon)
 v - a wand of acid (6/15)
   (You took it off a centaur on level 7 of the Dungeon)
 x - a wand of confusion (36/48)
   (You found it on level 4 of the Dungeon)
 N - a wand of confusion (21/48)
   (You found it on level 8 of the Dungeon)
 P - a wand of lightning (4/15)
   (You found it on level 11 of the Dungeon)
 T - a wand of flame (20/48)
   (You found it on level 7 of the Dungeon)
Scrolls
 m - 3 scrolls of enchant armour {unknown}
 n - 4 scrolls of amnesia {unknown}
 o - 5 scrolls of random uselessness {unknown}
 r - 2 scrolls of identify
 s - 11 scrolls of remove curse
 t - 2 scrolls of teleportation {!r}
 A - 3 scrolls of enchant weapon {unknown}
 D - a scroll of blinking {unknown}
 J - a scroll of recharging {unknown}
 V - a scroll of immolation {unknown}
Potions
 e - 2 potions of heal wounds {unknown}
 k - 2 potions of brilliance
 l - 2 potions of degeneration
 u - a potion of resistance {unknown}
 E - 2 potions of might
 G - a potion of curing {unknown}
 I - a potion of cancellation {unknown}
 L - a potion of flight {unknown}
Books
 M - a book of Battle
   (You found it on level 8 of the Dungeon)

   Spells                             Type                      Level
   a - Infusion                       Charms                       1
   b - Shroud of Golubria             Charms/Translocation         2
   c - Song of Slaying                Charms                       2
   d - Spectral Weapon                Hexes/Charms                 3
   e - Regeneration                   Charms/Necromancy            3
 O - a book of Clouds
   (You found it on level 8 of the Dungeon)

   Spells                             Type                      Level
   a - Poisonous Vapours              Poison/Air                   2
   b - Mephitic Cloud                 Conjuration/Poison/Air       3
   c - Conjure Flame                  Conjuration/Fire             3
   d - Freezing Cloud                 Conjuration/Ice/Air          6
   e - Ring of Flames                 Charms/Fire                  7
Miscellaneous
 R - a crystal ball of energy
   (You found it on level 9 of the Dungeon)
 S - a box of beasts
Comestibles
 f - 11 bread rations
 g - 6 chunks of flesh
 p - a meat ration
 q - 2 fruits
 K - a royal jelly

Dungeon Overview and Level Annotations

Branches:
Dungeon (11/15)            Temple (1/1) D:4            Lair (0/6) D:8
    Orc: D:9-12

Altars:
Ashenzari
Cheibriados
Dithmenos
Elyvilon
Fedhas
Gozag
Hepliaklqana
Kikubaaqudgha
Makhleb
Nemelex Xobeh
Okawaru
Qazlal
Ru
Sif Muna
Trog
Uskayaw
Vehumet
Wu Jian
Xom
Yredelemnul
Zin
The Shining One

Shops:
D:8 *   D:11 %

Annotations:
D:11 Sonja


You were on level 11 of the Dungeon.
You worshipped Cheibriados.
Cheibriados was extremely pleased with you.
You were not hungry.

You visited 2 branches of the dungeon, and saw 12 of its levels.

You collected 713 gold pieces.
You spent 58 gold pieces at shops.


Message History

There are monsters nearby!
There are monsters nearby!
Aim: Sonja, wielding an enchanted blowgun You shoot an arrow.
The arrow misses Sonja.
The centaur shouts!
You feel sick.
You hear a shout!
Aim: Sonja, wielding an enchanted blowgun You shoot an arrow.
The arrow hits Sonja!!
You feel sick.
Sonja shoots a curare-tipped needle.
The curare-tipped needle barely misses you.
The centaur wields a shortbow.
The centaur shoots an arrow.
The arrow completely misses you.
Sonja shoots a curare-tipped needle.
The curare-tipped needle completely misses you.
You hear a shout! x3
Aim: Sonja, wielding an enchanted blowgun (severely wounded)
You shoot an arrow. The arrow hits Sonja.
Sonja casts a spell.
Sonja looks slightly unstable.
The centaur shoots an arrow.
The arrow hits you!
You hear a shout!
You take 7 damage, and have 87/105 hp.
Aim: Sonja, wielding an enchanted blowgun (severely wounded)
You shoot an arrow. The arrow misses Sonja.
You feel sick.
Sonja shoots a curare-tipped needle.
The curare-tipped needle hits you.
You are more poisoned.
You have difficulty breathing.
You feel as though you will be slow longer.
The centaur shoots an arrow.
The arrow hits you!
You take 18 damage, and have 69/105 hp.
You are too injured to fight recklessly!
You feel very mighty all of a sudden.
You feel sick.
Sonja disappears!
The centaur shoots an arrow.
The arrow barely misses you.
The centaur shoots an arrow.
The arrow hits you! 3 centaurs come into view.
You take 11 damage, and have 58/105 hp.
Okay, then.
Aim: a centaur, wielding a shortbow and wearing a shiny golden ring You shoot an arrow.
The arrow hits the centaur but does no damage.
You feel sick.
The centaur shoots an arrow.
The arrow hits you.
A centaur comes into view.
You take 5 damage, and have 53/105 hp.
Aim: a centaur, wielding a shortbow and wearing a shiny golden ring You shoot an arrow.
The arrow hits the centaur.
You feel sick.
The centaur wields a shortbow.
The centaur shoots an arrow.
The arrow closely misses you.
You take 1 damage, and have 52/105 hp.
Aim: a centaur, wielding a shortbow and wearing a shiny golden ring (lightly wounded)
You shoot an arrow.
The arrow hits the centaur but does no damage.
You feel sick.
The centaur shoots an arrow.
The arrow hits you.
* * * LOW HITPOINT WARNING * * *
The centaur wields a runed shortbow.
It bursts into flame!
The centaur shoots an arrow.
The arrow closely misses you.
The centaur wields a shortbow.
The centaur shoots an arrow.
The arrow hits you.
* * * LOW HITPOINT WARNING * * *
You take 7 damage, and have 45/105 hp.
Aim: a centaur, wielding a shortbow and wearing a shiny golden ring (lightly wounded)
You shoot an arrow. The arrow hits the centaur!
You feel sick.
The centaur shoots an arrow.
The arrow barely misses you.
The centaur shoots an arrow.
The arrow misses you.
The centaur shoots an arrow.
The arrow barely misses you.
The centaur shoots an arrow.
The arrow completely misses you.
You take 1 damage, and have 44/105 hp.
Aim: a centaur, wielding a shortbow and wearing a shiny golden ring (lightly wounded)
You shoot an arrow. The arrow hits the centaur!
The centaur shoots an arrow.
The arrow hits you but does no damage.
The centaur shoots an arrow.
The arrow hits you.
* * * LOW HITPOINT WARNING * * *
The centaur shoots an arrow.
The arrow hits you!
* * * LOW HITPOINT WARNING * * *
You take 14 damage, and have 30/105 hp.
Aim: a centaur, wielding a shortbow and wearing a shiny golden ring (lightly wounded)
You shoot an arrow. The arrow hits the centaur.
You kill the centaur!
Cheibriados thoroughly appreciates the change of pace.
Cheibriados raises the support of your attributes as your movement slows.
You feel sick.
The centaur shoots an arrow.
The arrow closely misses you.
The centaur shoots an arrow.
The arrow completely misses you.
The centaur shoots an arrow.
The arrow completely misses you.
The centaur shoots an arrow.
The arrow hits you.
* * * LOW HITPOINT WARNING * * *
The arrow burns you.
* * * LOW HITPOINT WARNING * * *
You take 5 damage, and have 25/105 hp.
Put on which piece of jewellery? (? for menu, Esc to quit)
You remove your amulet of regeneration {+regen}.
You feel sick.
The centaur shoots an arrow.
The arrow hits you!
* * * LOW HITPOINT WARNING * * *
The centaur unwields an uncursed hand axe.
The centaur wields a shortbow.
The centaur shoots an arrow.
The arrow closely misses you.
The centaur shoots an arrow.
The arrow hits you.
* * * LOW HITPOINT WARNING * * *
The arrow burns you.
* * * LOW HITPOINT WARNING * * *
F - a +4 amulet of reflection (around neck)
The centaur shoots an arrow.
The arrow hits you.
* * * LOW HITPOINT WARNING * * *
The centaur shoots an arrow.
The arrow hits you!
You die...

....... ##...##
.......... #..###
.......... #..#
.....>.... #..#
......... ##..##
.........####....###
........##....###..#
(..c..#..(.#### ####
(.cc...@####
.(.c..### ...## ..


You could see 4 centaurs.

Notes
Turn   | Place    | Note
-------+----------+-------------------------------------------
     0 | D:1      | theanonym the Centaur Hunter began the quest for the Orb.
     0 | D:1      | Reached XP level 1. HP: 17/17 MP: 1/1
   149 | D:1      | Reached XP level 2. HP: 24/25 MP: 2/2
   198 | D:1      | You fall through a shaft!
   214 | D:1      | Reached skill level 3 in Fighting
   216 | D:1      | theanonym: !lg * race=ce urune=15 s=god
   216 | D:1      | beem: 310 games for * (race=ce urune=15): 142x The Shining One, 40x Zin, 31x Okawaru, 14x Cheibriados, 11x Makhleb, 11x Ashenzari, 7x Kikubaaqudgha, 6x Dithmenos, 6x Ru, 5x Xom, 5x Jiyva, 5x Trog, 4x Sif Muna, 4x Lugonu, 3x Nemelex Xobeh, 3x Gozag, 3x Elyvilon, 3x Vehumet, 2x Fedhas, 2x Qazlal, Wu Jian, Uskayaw, Hepliaklqana
   309 | D:1      | HP: 13/26 [gnoll/halberd (7)]
   311 | D:1      | HP: 3/26 [gnoll/halberd (5)]
   348 | D:1      | Reached skill level 1 in Unarmed Combat
   348 | D:1      | Reached XP level 3. HP: 6/31 MP: 3/3
  1431 | D:2      | Reached XP level 4. HP: 40/40 MP: 4/4
  2304 | D:3      | Reached skill level 6 in Bows
  2353 | D:3      | Reached skill level 4 in Fighting
  2763 | D:3      | HP: 17/40 [orc/short sword (5)]
  2768 | D:3      | HP: 19/40 [goblin (1)]
  2772 | D:3      | Reached XP level 5. HP: 24/46 MP: 5/5
  2921 | D:4      | Found a staircase to the Ecumenical Temple.
  2924 | D:4      | Noticed a phantom
  2932 | Temple   | Entered the Ecumenical Temple
  2977 | Temple   | Became a worshipper of Cheibriados the Contemplative
  2996 | Temple   | Killed a phantom
  3224 | D:4      | Reached skill level 7 in Bows
  3367 | D:4      | Reached XP level 6. HP: 43/55 MP: 6/6
  3372 | D:4      | HP: 23/55 [gnoll/halberd (15)]
  3375 | D:4      | HP: 7/55 [gnoll/halberd (8)]
  3382 | D:4      | HP: 10/55 [gnoll (1)]
  3493 | D:4      | Reached skill level 5 in Fighting
  3626 | D:4      | Found a burning altar of Makhleb.
  3778 | D:5      | Entered Level 5 of the Dungeon
  3921 | D:5      | Noticed a hippogriff
  3936 | D:5      | Killed a hippogriff
  3936 | D:5      | Reached skill level 8 in Bows
  3936 | D:5      | Reached XP level 7. HP: 32/62 MP: 7/7
  3947 | D:5      | Reached skill level 6 in Fighting
  4072 | D:5      | Reached skill level 9 in Bows
  4124 | D:5      | Got a distressingly furry large shield
  4130 | D:5      | Identified the +6 large shield of the Tundras {rCorr} (You found it on level 5 of the Dungeon)
  4213 | D:5      | Noticed Zeege's ghost (amateur DEFE)
  4248 | D:5      | Killed Zeege's ghost
  4293 | D:5      | Reached skill level 7 in Fighting
  4293 | D:5      | Reached XP level 8. HP: 54/73 MP: 8/8
  4445 | D:5      | Noticed Edmund
  4449 | D:5      | Noticed Sigmund
  4468 | D:5      | Killed Sigmund
  4468 | D:5      | Reached * piety under Cheibriados
  4468 | D:5      | Reached skill level 10 in Bows
  4898 | D:5      | Killed Edmund
  4898 | D:5      | Reached skill level 11 in Bows
  5146 | D:6      | HP: 33/73 [orc priest/divine providence (10)]
  5153 | D:5      | HP: 14/109 [orc warrior/long sword (9)]
  5155 | D:5      | HP: 5/109 [orc warrior/long sword (10)]
  5156 | D:5      | Reached skill level 12 in Bows
  5311 | D:6      | Reached ** piety under Cheibriados
  5484 | D:6      | Reached XP level 9. HP: 66/79 MP: 9/9
  5516 | D:6      | Reached skill level 13 in Bows
  5939 | D:7      | Found a white marble altar of Elyvilon.
  5976 | D:7      | Reached skill level 14 in Bows
  6122 | D:7      | Reached skill level 8 in Fighting
  6126 | D:7      | HP: 37/81 [orc warrior/tomahawk (8)]
  6131 | D:7      | HP: 27/81 [poisoned by a scorpion]
  6137 | D:7      | HP: 28/82 [poisoned by a scorpion]
  6142 | D:7      | HP: 29/82 [poisoned by a scorpion]
  6150 | D:7      | HP: 32/82 [poisoned by a scorpion]
  6156 | D:7      | HP: 34/82 [poisoned by a scorpion]
  6162 | D:7      | HP: 36/82 [poisoned by a scorpion]
  6168 | D:7      | HP: 39/82 [poisoned by a scorpion]
  6209 | D:7      | Reached *** piety under Cheibriados
  6298 | D:7      | Reached skill level 9 in Fighting
  6565 | D:8      | Found Tauwn's Assorted Antiques.
  6602 | D:8      | Bought a scroll labeled XIJYWU DU EFAR for 31 gold pieces
  6602 | D:8      | Bought a fuming brown potion for 27 gold pieces
  6686 | D:8      | Reached skill level 2 in Dodging
  6705 | D:8      | HP: 39/84 [warg (7)]
  6706 | D:8      | Reached XP level 10. HP: 42/91 MP: 10/10
  6791 | D:8      | Found a staircase to the Lair.
  7017 | D:8      | Noticed a two-headed ogre
  7024 | D:8      | Killed a two-headed ogre
  7024 | D:8      | Reached skill level 10 in Fighting
  7024 | D:8      | Reached skill level 3 in Dodging
  7309 | D:9      | Reached **** piety under Cheibriados
  7390 | D:9      | HP: 46/93 [orc warrior/enchanted glaive (30)]
  7395 | D:9      | HP: 38/93 [orc warrior/enchanted glaive (10)]
  7397 | D:9      | HP: 13/93 [orc warrior/enchanted glaive (26)]
  7691 | D:9      | Noticed a two-headed ogre
  7698 | D:9      | HP: 35/93 [two-headed ogre/giant club (15)]
  7701 | D:9      | Killed a two-headed ogre
  7701 | D:9      | Reached skill level 4 in Dodging
  7825 | D:9      | Found a glowing golden altar of the Shining One.
  7970 | D:9      | HP: 47/94 [bullfrog zombie (4)]
  7975 | D:9      | HP: 46/94 [poisoned by a water moccasin]
  7980 | D:9      | HP: 37/94 [poisoned by an orc wizard]
  7985 | D:9      | HP: 34/94 [poisoned by an orc wizard]
  7990 | D:9      | HP: 31/94 [poisoned by an orc wizard]
  7996 | D:9      | HP: 30/94 [poisoned by an orc wizard]
  8002 | D:9      | HP: 30/94 [poisoned by an orc wizard]
  8007 | D:9      | HP: 30/94 [poisoned by an orc wizard]
  8012 | D:9      | HP: 31/94 [poisoned by an orc wizard]
  8018 | D:9      | HP: 33/94 [poisoned by an orc wizard]
  8027 | D:9      | HP: 37/94 [poisoned by an orc wizard]
  8033 | D:9      | HP: 40/94 [poisoned by an orc wizard]
  8039 | D:9      | HP: 43/94 [poisoned by an orc wizard]
  8045 | D:9      | HP: 46/94 [poisoned by an orc wizard]
  8149 | D:9      | Noticed a two-headed ogre
  8156 | D:9      | HP: 40/94 [two-headed ogre/dire flail (27)]
  8158 | D:9      | Killed a two-headed ogre
  8158 | D:9      | Reached skill level 11 in Fighting
  8256 | D:9      | Reached skill level 5 in Dodging
  8504 | D:10     | Entered Level 10 of the Dungeon
  8606 | D:10     | Found a blossoming altar of Fedhas.
  8748 | D:10     | HP: 44/96 [electric eel/bolt of electricity (10)]
  8881 | D:10     | Reached ***** piety under Cheibriados
  8915 | D:10     | Reached XP level 11. HP: 102/102 MP: 11/11
  8944 | D:10     | Noticed Erolcha
  8956 | D:10     | Killed Erolcha
  9196 | D:10     | HP: 47/103 [ogre/giant club (12)]
  9201 | D:10     | HP: 41/104 [gnoll/spear (5)]
  9207 | D:10     | HP: 18/104 [gnoll/rapier (6)]
  9856 | D:11     | Found Veuquc's Food Emporium.
  9979 | D:11     | Reached skill level 6 in Dodging
 10059 | D:11     | Noticed a death knight
 10075 | D:11     | HP: 51/104 [death knight/great mace (30)]
 10080 | D:11     | HP: 15/104 [??? (13)]
 10082 | D:11     | Killed a death knight
 10245 | D:11     | Reached skill level 12 in Fighting
 10349 | D:11     | Noticed Gastronok
 10371 | D:11     | Killed Gastronok
 10438 | D:11     | Noticed Sonja
 10446 | D:11     | HP: 52/105 [poisoned by Sonja (curare-tipped needle)]
 10450 | D:11     | HP: 25/105 [centaur/arrow (2)]
 10451 | D:11     | HP: 11/105 [centaur/arrow (13)]
 10452 | D:11     | Shot with an arrow by a centaur

Vanquished Creatures
  Gastronok (D:11)
  Erolcha (D:10)
  A death knight (D:11)
  3 two-headed ogres
  3 hippogriffs
  The ghost of Zeege the Firebug, an amateur DEFE (D:5)
  Sigmund (D:5)
  A spriggan (D:7)
  3 hungry ghosts
  2 wargs (D:8)
  Edmund (D:5)
  A water moccasin (D:9)
  8 orc warriors
  A sky beast (D:5)
  2 phantoms
  A black bear (D:9)
  A necrophage (D:6)
  7 ogres
  9 centaurs
  4 bullfrogs
  A gnoll sergeant (D:10)
  3 scorpions
  3 killer bees
  2 electric eels (D:10)
  A howler monkey (D:6)
  3 crimson imps
  3 quasits
  2 bullfrog zombies
  6 hounds
  4 bullfrog skeletons
  3 jellies
  6 orc priests
  A centaur skeleton (D:6)
  A gnoll shaman (D:4)
  6 iguanas
  14 orc wizards
  11 worker ants
  A hound skeleton (D:7)
  2 worker ant zombies
  18 adders
  12 gnolls
  A howler monkey skeleton (D:5)
  An ooze (D:3)
  2 adder zombies
  An adder skeleton (D:5)
  2 worms
  2 dart slugs
  7 leopard geckos
  38 orcs
  2 ball pythons
  5 giant cockroaches
  8 goblins
  9 hobgoblins
  10 jackals
  8 quokkas
  7 bats
  6 frilled lizards
  7 kobolds
  A leopard gecko skeleton (D:4)
  A leopard gecko zombie (D:5)
  A quokka skeleton (D:5)
  6 rats
280 creatures vanquished.
